AoeStats
← APPELFX

Golden Pit

510221096Analyzed
1v1 RM · 1d ago on Sep 30, 2026· 60m 8s· 2 players
Game mode
Random Map
Map size
Tiny (2 player)
Population
200
Speed
Normal
Resources
Standard
Victory
Conquest
Starting age
Dark Age
Ending age
Imperial Age
RankedLock teamsTeams togetherTeam positionsShared explorationLock speedFull tech treeHidden civsTurbo modeCheats
Victory
Defeat
🇦🇷 Turks · Argentina
942
+17
🇧🇷 Franks · Brazil
965
-17
APPELFX
6:24 Loom
9:56 Feudal Age
11:11 Wheelbarrow
10:23 Double-Bit Axe
10:49 Town Watch
11:06 Horse Collar
21:45 Castle Age
20:57 Forging
20:48 Scale Mail Armor
22:42 Hand Cart
25:06 Squires
25:53 Bow Saw
25:53 Stone Mining
26:45 Heavy Plow
27:11 Treadmill Crane
29:03 Murder Holes
34:49 Imperial Age
32:30 Fletching
33:02 Chain Mail Armor
32:40 Gold Mining
34:00 Iron Casting
38:17 Two-Man Saw
39:44 Conscription
42:12 Plate Mail Armor
42:43 Blast Furnace
56:10 Elite Janissary
60:28 Padded Archer Armor
Mr. Coxinha
5:23 Loom
9:33 Feudal Age
19:13 Castle Age
17:54 Double-Bit Axe
21:03 Bow Saw
20:44 Gold Mining
23:48 Scale Barding Armor
25:06 Husbandry
25:15 Fletching
25:42 Stone Mining
29:46 Gold Shaft Mining
30:36 Chain Barding Armor
31:49 Bodkin Arrow
33:47 Padded Archer Armor
35:12 Town Watch
35:03 Crossbowman
37:38 Forging
37:43 Town Patrol
40:58 Imperial Age
41:33 Ballistics
42:28 Light Cavalry
43:54 Iron Casting
43:57 Cranequins
45:47 Wheelbarrow
44:39 Cavalier
46:27 Conscription
48:33 Plate Barding Armor
48:20 Hand Cart
50:00 Blast Furnace
51:15 Conscription
54:08 Scale Mail Armor
Connection lost

Rejoining the realm…

Still unreachable

The connection could not be restored.

Session expired

The server has moved on; the page needs a fresh start.